Map: Kairos Junction LE

Players

SoulSpirit - Winner!

  • Race: Zerg Zerg
  • Spawn Location: 11:00

Ziggy

  • Race: Terran Terran
  • League: Grandmaster
  • Spawn Location: 5:00

Event: 2019 WCS Winter Europe

VOD

Have the link to the VOD?

Description

Time

  • Played on: Feb. 9, 2019, 11:07 a.m.
  • Length: 7:39

All games in this series

Show
View Real Time Build Order
Export as new Build Order

SoulSpirit Zerg - Winner!

Build Orders: Hatch First, Ravager All-In 

Get SALT Encoding   

  12  0:00  Drone  
  13  0:12  Overlord  
  13  0:16  Drone  
  14  0:31  Drone x2  
  16  0:40  Drone  
  17  0:53  Hatchery  
  17  0:56  Drone  
  17  0:59  Drone  
  18  1:10  Extractor  
  17  1:15  Spawning Pool  
  17  1:18  Drone  
  17  1:21  Drone  
  18  1:29  Drone  
  19  1:44  Overlord  
  19  2:02  Queen, Roach Warren  
  19  2:03  Zergling x4  
  19  2:07  Queen  
  24  2:12  Drone  
  24  2:14  Drone  
  26  2:21  Drone  
  27  2:25  Drone  
  27  2:30  Extractor  
  27  2:35  Extractor  
  27  2:36  Zergling x2  
  26  2:44  Roach x2  
  26  2:45  Roach  
  26  2:50  Roach  
  34  3:01  Roach  
  35  3:07  Overlord x2  
  35  3:25  Ravager x2  
  35  3:26  Roach x3  
  43  3:31  Roach  
  45  3:40  Roach x2  
  49  3:49  Overlord  
  49  3:55  Ravager  
  50  4:02  Overlord  
  50  4:09  Ravager  
  51  4:12  Roach  
  53  4:18  Roach  
  55  4:25  Roach  
  59  4:31  Roach x2  
  59  4:37  Roach  
  63  4:43  Roach  
  65  4:55  Ravager  
  66  5:06  Overlord  
  66  5:07  Ravager  
  67  5:17  Roach  
  65  5:25  Roach x2  
  55  5:37  Roach x2  
  55  5:38  Roach  
  52  5:46  Roach x2  
  52  5:48  Drone x7  
  61  5:57  Roach x2  
  65  6:06  Roach  
  65  6:07  Roach  
  69  6:11  Roach  
  69  6:15  Extractor  
  70  6:21  Ravager  
  71  6:36  Drone x2  
  71  6:38  Drone x2  
  71  6:39  Drone  
  74  6:42  Ravager  
  75  6:47  Overlord  
  75  6:51  Hatchery  
  62  7:09  Roach x5  
  68  7:20  Roach  
Show
View Real Time Build Order
Export as new Build Order

Ziggy Terran 

Build Orders:  

Get SALT Encoding   

  12  0:00  SCV  
  13  0:12  SCV  
  14  0:17  Supply Depot  
  14  0:24  SCV  
  15  0:39  SCV  
  15  0:41  Barracks  
  16  0:44  Refinery  
  16  0:51  SCV  
  17  0:59  Barracks  
  17  1:03  SCV  
  18  1:15  SCV  
  19  1:28  Reaper, Orbital Command  
  20  1:33  Supply Depot  
  20  2:00  Reaper  
  21  2:05  Reaper  
  21  2:07  Command Center  
  22  2:12  SCV  
  23  2:24  SCV  
  24  2:34  Reaper  
  24  2:36  SCV  
  26  2:42  Reaper  
  27  2:48  SCV  
  27  2:51  Command Center  
  28  2:53  Refinery  
  28  3:00  SCV  
  29  3:06  Reaper  
  29  3:10  Barracks  
  29  3:12  SCV  
  31  3:20  Orbital Command  
  31  3:24  SCV  
  31  3:26  Barracks Tech Lab  
  32  3:36  SCV  
  32  3:39  Barracks Reactor  
  33  3:44  Factory  
  33  3:45  SCV, Refinery  
  34  3:48  SCV  
  35  3:58  SCV  
  35  4:00  SCV, Barracks Tech Lab  
  37  4:04  Orbital Command  
  37  4:09  Marine  
  38  4:10  SCV  
  38  4:17  Marine x2  
  39  4:18  Bunker  
  39  4:20  Marauder  
  39  4:23  Bunker  
  43  4:28  Factory Tech Lab  
  46  4:39  Concussive Shells  
  46  4:41  Marauder  
  46  4:46  Supply Depot  
  42  4:57  Siege Tank  
  45  5:04  Starport  
  45  5:06  Marine  
  45  5:07  Marauder  
  47  5:10  Bunker  
  42  5:28  Marauder, Marine  
  38  5:29  Siege Tank  
  28  5:45  SCV x2  
  28  5:48  Medivac  
  30  5:51  Marine  
  31  6:02  Siege Tank  
  33  6:05  Orbital Command  
  33  6:09  Marine  
  33  6:10  SCV x2  
  36  6:22  SCV  
  36  6:23  SCV  
  38  6:28  Marauder, Marine  
  40  6:41  Siege Tank  
  43  6:48  SCV x2  
  45  6:55  SCV  
  45  6:57  Marine x2  
  32  7:15  Marine  
  28  7:16  Marauder  
Tags
 
Add a new tag
Caveats
  • Supply blocks, unpowered buildings, or Contaminate may cause inaccurate times.
  • Supply counts are checked every 10 seconds.